 Dungeon Crawl Stone Soup version 0.31-a0-845-g9abc20d24f (webtiles) character file.

Game seed: 5045335028928429179

361 Kurtz the Chopper (level 6, -4/42 HPs)
             Began as an Octopode Fighter on Oct 1, 2023.
             Slain by a phantom (6 damage)
             ... in a sewer.
             The game lasted 00:03:05 (2756 turns).

Kurtz the Chopper (Octopode Fighter)                Turns: 2756, Time: 00:03:05

Health: -4/42      AC:  1    Str: 15    XL:     6   Next: 66%
Magic:  6/6        EV: 13    Int: 11    God:
Gold:   48         SH:  4    Dex: 13    Spells: 5/5 levels left

rFire   . . .        a - +0 war axe
rCold   . . .        b - +0 buckler
rNeg    . . .        (helmet restricted)
rPois   .            (no amulet)
rElec   .            (no ring)
rCorr   .            (no ring)
SInv    .            (no ring)
Will    .....        (no ring)
Stlth   ++           (no ring)
HPRegen 0.27/turn    (no ring)
MPRegen 0.10/turn    (no ring)
                     (no ring)

%: no passive effects
@: no status effects
A: almost no armour, amphibious, 8 rings, camouflage 1, gelatinous body 1,
(nimble swimmer 1), tentacles
a: no special abilities


You were in a sewer.
You visited 1 branch of the dungeon, and saw 3 of its levels.
You also visited: Sewer.

You collected 48 gold pieces.

Inventory:

Hand Weapons
 a - a +0 war axe (weapon)
Missiles
 g - 3 poisoned darts (quivered)
Armour
 b - a +0 buckler (worn)
Scrolls
 e - a scroll of noise
 f - a scroll of blinking
 k - a scroll of poison {unknown}
Potions
 c - 2 potions of might
 d - 2 potions of heal wounds
 h - a potion of attraction {unknown}
 i - a potion of mutation {unknown}
 j - a potion of resistance {unknown}


   Skills:
 - Level 3.0 Fighting
 * Level 6.9 Axes
 - Level 3.0 Dodging
 - Level 3.0 Shields


You had 5 spell levels left.
You didn't know any spells.
Your spell library contained the following spells:

 Spells                   Type           Power      Damage    Failure   Level
 Conjure Ball Lightning   Conj/Air       0%         3x3d6     100%        6
 Discord                  Hex            0%         N/A       100%        8
 Disjunction              Tloc           0%         N/A       100%        8


Dungeon Overview and Level Annotations

Branches:
Dungeon (3/15)              Sewer (1/1)

Altars:


Innate Abilities, Weirdness & Mutations

You cannot wear most types of armour.
You are amphibious.
You can wear up to eight rings at the same time.
Your skin changes colour to match your surroundings (Stealth+).
Your rubbery body absorbs attacks. (AC +1, EV +1)
((You are camouflaged when in or above water. (Stealth+)))
You have tentacles for arms and can constrict up to eight enemies at once.


Message History

Unknown command.
You are too injured to fight recklessly!
You are too injured to fight recklessly!
Unknown command.
You are too injured to fight recklessly!
You are too injured to fight recklessly!
Unknown command.
You hit the ufetubus.
You kill the ufetubus!
You slash the phantom! The phantom barely misses you. The phantom hits you.
The phantom blinks!
You blink.
You barely miss the phantom.
The phantom is severely damaged.
The phantom hits you!
* * * LOW HITPOINT WARNING * * *
The phantom blinks!
You blink.
The phantom attacks as it pursues you! The phantom hits you.
* * * LOW HITPOINT WARNING * * *
The phantom blinks!
You blink.
Unknown command.
You miss the phantom.
The phantom is severely damaged.
The phantom hits you.
* * * LOW HITPOINT WARNING * * *
The phantom blinks!
You blink.
Unknown command.
You slash the phantom!
The phantom is almost destroyed.
The phantom hits you.
* * * LOW HITPOINT WARNING * * *
Unknown command.
You hit the phantom but do no damage. Your squeeze misses the phantom.
The phantom is almost destroyed.
The phantom barely misses you.
You closely miss the phantom.
The phantom is almost destroyed.
The phantom hits you.
* * * LOW HITPOINT WARNING * * *
The phantom hits you.
You die...

##...## #≈...≈# #≈...≈#
#≈...≈# #≈...≈# #.≈ #~...≈#
#..≈ #~...~# ≈ #.~~ ##''W##
≈~ #.~≈ #..@..#########
#.####.###..)...#≈≈≈≈≈≈##
..≈≈#...#...).⌠.'......!##
....≈≈≈≈...'.⌠._...'......?!∩
....≈≈#...#.....⌠.'......!##
###≈#.####.###..⌠...#~~≈~≈~##
≈≈≈≈~...#.~≈##.....#########
≈≈≈≈~~..#.~~###'''##
≈≈≈≈≈≈≈.#)~≈##≈...≈#


You could see a phantom.

Vanquished Creatures
  Grinder (Sewer)
  A kobold brigand (Sewer)
  4 ufetubi (Sewer)
  An adder zombie (Sewer)
  2 dart slugs (D:2)
  2 worms
  An orc (D:3)
  6 ball pythons
  A bat zombie (Sewer)
  7 endoplasms
  4 giant cockroaches
  5 goblins
  3 hobgoblins (D:2)
  2 quokkas (D:1)
  7 bats
  2 frilled lizards (D:2)
  A giant cockroach zombie (Sewer)
  12 kobolds
  A kobold zombie (Sewer)
  4 rats
67 creatures vanquished.

Notes
Turn   | Place    | Note
-------+----------+-------------------------------------------
     0 | D:1      | Kurtz the Octopode Fighter began the quest for the Orb.
     0 | D:1      | Reached XP level 1. HP: 16/16 MP: 1/1
   302 | D:1      | Reached XP level 2. HP: 21/21 MP: 2/2
  1056 | D:2      | Reached skill level 3 in Axes
  1196 | D:2      | Reached XP level 3. HP: 25/26 MP: 3/3
  1646 | D:3      | Reached skill level 4 in Axes
  1934 | D:3      | Found a glowing drain.
  1945 | Sewer    | Entered a sewer
  1974 | Sewer    | Reached XP level 4. HP: 31/31 MP: 4/4
  2439 | Sewer    | Noticed a kobold brigand
  2493 | Sewer    | Killed a kobold brigand
  2494 | Sewer    | Reached skill level 5 in Axes
  2494 | Sewer    | Reached XP level 5. HP: 13/36 MP: 5/5
  2602 | Sewer    | Found an ancient bone altar of Kikubaaqudgha.
  2611 | Sewer    | Noticed Grinder
  2651 | Sewer    | Killed Grinder
  2652 | Sewer    | Reached skill level 6 in Axes
  2652 | Sewer    | Reached XP level 6. HP: 34/42 MP: 6/6
  2756 | Sewer    | HP: 2/42 [phantom (2)]
  2756 | Sewer    | Slain by a phantom

Illustrated notes

Levels and vault maps discovered:
D:1:      kilobyte_arrival_exit_the_forest, layout_loops_corners,
          dk_noncrumbling_2
D:2:      layout_basic
D:3:      layout_loops_cross, cheibrodos_sewer_entry_bend
Sewer:    kennysheep_sewer_church

Skill      XL: |  1  2  3  4  5 |
---------------+----------------+-----
Axes           | 3 4 5 6 |  6.9
Fighting       | |  3.0
Dodging        | |  3.0
Shields        | |  3.0

Action                     |  1- 3 |  4- 6 || total
---------------------------+-------+-------++-------
  Melee: War axe           |    77 |    57 ||   134
         Constrict         |    22 |    14 ||    36
         Tentacles         |    10 |    13 ||    23
         Punch             |       |     1 ||     1
  Throw: Dart              |       |     1 ||     1
    Use: Scroll            |     3 |       ||     3
   Stab: Sleeping          |     9 |       ||     9
 Armour: Skin              |    37 |    70 ||   107
  Dodge: Dodged            |    52 |    75 ||   127
  Block: Buckler           |    13 |    20 ||    33

Table legend: (Time is in decaauts)
 A = Elapsed time spent in this place.
 B = Non-inter-level travel time spent in this place.
 C = Inter-level travel time spent in this place.
 D = Time resting spent in this place.
 E = Time spent auto-exploring this place.
 F = Levels seen in this place.
 G = Mean time per level.
                   A        B        C        D        E       F      G
               +--------+--------+--------+--------+--------+-----+--------+
         Total |   2800 |   2742 |     58 |    604 |   1439 |   4 |  700.0 |
       Dungeon |   1970 |   1912 |     58 |    150 |   1313 |   3 |  656.7 |
         Sewer |    829 |    829 |      0 |    454 |    126 |   1 |  829.0 |
               +--------+--------+--------+--------+--------+-----+--------+

Top non-repeatable levels by time:
     D:1: 1055 daAuts
   Sewer: 829 daAuts
     D:2: 557 daAuts
     D:3: 357 daAuts
